 Dungeon Crawl Stone Soup version 0.26-a0-278-g3b0d5afba5 (webtiles) character file.

Game seed: 5681207792666682948

136 Infinimo the Chiller (level 5, -6/28 HPs)
             Began as a Gargoyle Ice Elementalist on July 12, 2020.
             Mangled by an orc warrior
             ... wielding a +0 hand axe
              (17 damage)
             ... on level 3 of the Dungeon.
             The game lasted 00:03:10 (2444 turns).

Infinimo the Chiller (Gargoyle Ice Elementalist)    Turns: 2444, Time: 00:03:10

Health: -6/28      AC:  6    Str: 12    XL:     5   Next: 19%
Magic:  4/9        EV: 12    Int: 16    God:
Gold:   136        SH:  0    Dex: 10    Spells: 6/10 levels left

rFire    . . .     SeeInvis .   g - +0 hunting sling
rCold    . . .     Faith    .   (no shield)
rNeg     + . .     Spirit   .   a - +0 robe
rPois    ∞         Reflect  .   (no helmet)
rElec    +         Harm     .   (no cloak)
rCorr    .                      (no gloves)
MR       .....                  (no boots)
Stlth    ++........             (no amulet)
HPRegen  0.09/turn              (no ring)
MPRegen  0.11/turn              (no ring)

@: no status effects
A: negative energy resistance 1, electricity resistance, unbreathing,
petrification resistance, rot immunity, AC +4
a: no special abilities


You were on level 3 of the Dungeon.
You visited 1 branch of the dungeon, and saw 3 of its levels.

You collected 136 gold pieces.

Inventory:

Hand Weapons
 c - a +0 dagger
 g - a +0 hunting sling (weapon)
Missiles
 h - 93 stones
 i - 8 sling bullets (quivered)
Armour
 a - a +0 robe (worn)
Magical Staves
 o - an uncursed staff of wizardry
Wands
 p - a wand of acid (8)
Scrolls
 b - 4 scrolls of identify {unknown}
 e - 2 scrolls of teleportation {unknown}
 f - 2 scrolls of fog {unknown}
 j - 3 scrolls of enchant armour {unknown}
 q - a scroll of fear {unknown}
 r - a scroll of blinking {unknown}
Potions
 d - 4 potions of stabbing {unknown}
 k - a potion of curing {unknown}
 l - a potion of mutation {unknown}
 m - a potion of heal wounds {unknown}
 n - 2 potions of lignification {unknown}


   Skills:
 - Level 1.9 Dodging
 - Level 2.7 Stealth
 + Level 3.1 Spellcasting
 * Level 5.3 Ice Magic


You had 6 spell levels left.
You knew the following spells:

 Your Spells              Type           Power        Failure   Level
a - Freeze                Ice            ###.         1%          1
b - Frozen Ramparts       Ice            ###...       6%          3

Your spell library contained the following spells:

 Spells                   Type           Power        Failure   Level
 Ozocubu's Armour         Chrm/Ice       ##......     19%         3
 Hailstorm                Conj/Ice       ##......     52%         4
 Summon Ice Beast         Ice/Summ       ##......     52%         4


Dungeon Overview and Level Annotations

Branches:
Dungeon (3/15)

Altars:
Xom

Annotations:
D:3 2 transporters


Innate Abilities, Weirdness & Mutations

You are resistant to torment.
Your stone body is resilient. (AC +4)
You are immune to poison.
You resist negative energy. (rN+)
You are resistant to electric shocks. (rElec)
You can survive without breathing.
You are immune to petrification.
You are immune to rotting.


Message History

Casting: Freeze (safe; 1% risk of failure)
Confirm with . or Enter, or press ? or * to list all spells.
Aiming: Freeze (safe; 1% risk of failure)
Press: ? - help, Shift-Dir - straight line, f - orc warrior
Aim: an orc warrior, wielding a +0 hand axe and wearing a +0 plate armour You freeze the orc warrior.
The orc warrior is moderately wounded.
The orc warrior hits you with a +0 hand axe!
Ouch! That really hurt!
An orc wizard comes into view. It is wielding a +0 dagger.
Casting: Freeze (safe; 1% risk of failure)
Confirm with . or Enter, or press ? or * to list all spells.
Aiming: Freeze (safe; 1% risk of failure)
Press: ? - help, Shift-Dir - straight line, f/p - orc warrior
Aim: an orc warrior, wielding a +0 hand axe and wearing a +0 plate armour (lightly wounded)
You freeze the orc warrior.
The orc warrior is moderately wounded.
The orc warrior hits you with a +0 hand axe!
Ouch! That really hurt!
You die...

.........####÷###.## #....#
(...........(.÷#...#####.##)#
(.(..()(ro.o†............##.#
###..()..###(#)#...####..##.#
###.#(## #.#.##........##.#
#.#<# #.#.######..#..#.# .
..# #)#.##.....###...# ...(.#
#o#.##.###..#..### ..(...#
#@#.##.# ##...## ##.(...#
#.#.##.# ##.## #.#.##.# #.#
#.#.##.#####.# #.....#......#
###..###.##### ###.#.## ##.##
###


You could see an orc warrior and an orc wizard.

Vanquished Creatures
  3 orc wizards (D:3)
  2 worms
  A dart slug (D:3)
  2 leopard geckos
  4 orcs (D:3)
  6 bats
  A giant cockroach (D:1)
  4 goblins
  6 hobgoblins
  5 kobolds
  A quokka (D:3)
  A ball python (D:1)
  A frilled lizard (D:1)
  7 rats
44 creatures vanquished.

Notes
Turn   | Place    | Note
-------+----------+-------------------------------------------
     0 | D:1      | Infinimo the Gargoyle Ice Elementalist began the quest for
                  | the Orb.
     0 | D:1      | Reached XP level 1. HP: 10/10 MP: 3/3
   323 | D:1      | Reached XP level 2. HP: 15/15 MP: 3/5
  1097 | D:2      | Found a shimmering altar of Xom.
  1459 | D:2      | Reached XP level 3. HP: 19/19 MP: 1/6
  1721 | D:2      | Learned a level 3 spell: Frozen Ramparts
  1729 | D:3      | Found a transporter.
  2211 | D:3      | Found a transporter.
  2253 | D:3      | Reached XP level 4. HP: 16/24 MP: 3/8
  2305 | D:3      | Reached skill level 5 in Ice Magic
  2428 | D:3      | Reached XP level 5. HP: 28/28 MP: 7/9
  2428 | D:3      | Noticed an orc warrior
  2444 | D:3      | Mangled by an orc warrior

Illustrated notes

Levels and vault maps discovered:
D:1:      ncdulo_smallfort, layout_basic, minmay_pentomino_u4
D:2:      layout_loops_ring, xom_teletrap_fun
D:3:      gammafunk_steamed_eel, layout_loops_ring

Skill      XL: |  1  2  3  4 |
---------------+-------------+-----
Ice Magic      | 5 |  5.3
Spellcasting   | 3 |  3.1
Dodging        | |  1.9
Stealth        | |  2.7

Action                   |  1- 3 |  4- 6 || total
-------------------------+-------+-------++-------
Melee: Dagger            |    17 |       ||    17
 Fire: Hunting sling     |    80 |    35 ||   115
 Cast: Freeze            |    18 |    10 ||    28
 Stab: Sleeping          |     1 |       ||     1
Armor: Robe              |    14 |     3 ||    17
Dodge: Dodged            |    40 |    11 ||    51

Table legend:
 A = Non-vault XP
 B = Vault XP
 C = Vault XP percentage of total XP
 D = Non-vault monster count
 E = Vault monster count
 F = Vault count percentage of total count
                 A         B        C        D         E       F
            +---------+---------+-------+---------+---------+-------
      Total |     192 |       3 |   1.5 |      42 |       2 |   4.5
            +---------+---------+-------+---------+---------+-------
        D:1 |      16 |       3 |  15.8 |      12 |       2 |  14.3
        D:2 |      16 |       0 |   0.0 |       6 |       0 |   0.0
        D:3 |     160 |       0 |   0.0 |      24 |       0 |   0.0
            +---------+---------+-------+---------+---------+-------
